 Dungeon Crawl Stone Soup version 0.19.0-19-g8c6edcc (webtiles) character file.

158 MovingMist the Sneak (level 5, -4/46 HPs)
             Began as a Naga Assassin on Nov 12, 2016.
             Killed from afar by an orc wizard (6 damage)
             ... with a puff of flame
             ... on level 3 of the Dungeon.
             The game lasted 00:06:53 (2284 turns).

MovingMist the Sneak (Naga Assassin)                Turns: 2284, Time: 00:06:54

Health: -4/46      AC:  3    Str: 14    XL:     5   Next: 40%
Magic:  5/5        EV: 10    Int: 11    God:
Gold:   46         SH:  0    Dex: 13    Spells: 0 memorised, 4 levels left

rFire  . . .     SeeInvis +     a - +2 dagger
rCold  . . .     Gourm    .     c - +0 robe
rNeg   . . .     Faith    .     (no shield)
rPois  +         Spirit   .     (no helmet)
rElec  .         Reflect  .     d - +0 cloak
rCorr  .         Harm     .     (no gloves)
MR     .....                    (no barding)
Stlth  ++++......               (no amulet)
                                (no ring)
                                (no ring)

@: very slow
A: see invisible, deformed body, poison resistance, slowness 2, slow metabolism
1, spit poison 1, AC +1
a: Spit Poison


You were on level 3 of the Dungeon.
You were hungry.

You visited 1 branch of the dungeon, and saw 3 of its levels.

You collected 46 gold pieces.

Inventory:

Hand Weapons
 a - a +2 dagger (weapon)
 b - a +0 blowgun
Missiles
 e - 8 poisoned needles
 f - 2 curare-tipped needles
Armour
 c - a +0 robe (worn)
 d - a +0 cloak (worn)
Scrolls
 h - a scroll of fog {unknown}
 j - a scroll of teleportation {unknown}
 l - a scroll of blinking {unknown}
 m - 2 scrolls of amnesia {unknown}
 q - a scroll of fear {unknown}
 r - a scroll of remove curse {unknown}
Potions
 i - 3 potions of flight {unknown}
 o - a potion of heal wounds {unknown}
 p - a potion of curing {unknown}
 s - a potion of cancellation {unknown}
Comestibles
 g - 4 bread rations
 k - a beef jerky
 n - 3 chunks of flesh


   Skills:
 - Level 2.4 Fighting
 + Level 3.1 Short Blades
 - Level 1.7 Throwing
 + Level 2.3 Dodging
 * Level 7.5 Stealth


You had 4 spell levels left.
You didn't know any spells.

Dungeon Overview and Level Annotations

Branches:
Dungeon (3/15)

Altars:


Innate Abilities, Weirdness & Mutations

You cannot wear boots.
Your serpentine skin is tough. (AC +1)
You have supernaturally acute eyesight. (SInv)
Armour fits poorly on your strangely shaped body.
Your system is resistant to poisons. (rPois)
You cover ground very slowly.
You have a slow metabolism.
You can spit poison.


Message History

You kill the jackal!
The orc wizard casts a spell.
The orc wizard flickers and vanishes for a moment.
Press: ? - help, Shift-Dir - straight line, f - orc wizard
Aim: an orc wizard, wielding a dagger and wearing a robe (slightly transparent)
The splash of poison misses the orc wizard.
The splash of poison hits the jackal.
The jackal is poisoned.
The jackal is almost dead.
You are feeling hungry.
You kill the jackal!
The orc wizard points at you and mumbles some strange words.
The puff of flame hits you!
* * * LOW HITPOINT WARNING * * *
The orc wizard points at you and mumbles some strange words.
You resist with some effort.
There is a stone staircase leading down here.
You have got your breath back.
The orc wizard points at you and mumbles some strange words.
The puff of flame hits you!
You die...

#######...#####.#
........)........
.......oo######.#
#######o## #)# ##
########o# #.
.........# #.
########>#######.#
#.
#.....#.@........
##.##
#.###...........#
##...## #.#
###.#########
#...<.###.# #.#
..>....##.# #.#
........<.# #.#
.....).#### #.#
#.....#########.#
##..............#


You could see 2 orc wizards and an orc.

Vanquished Creatures
  Ijyb (D:2)
  5 adders
  2 oozes (D:1)
  A worm (D:2)
  4 dart slugs
  A leopard gecko (D:1)
  4 orcs (D:3)
  A ball python (D:1)
  3 giant cockroaches (D:1)
  3 goblins (D:1)
  7 hobgoblins
  3 jackals (D:3)
  8 kobolds
  2 quokkas
  7 bats
  4 frilled lizards
  4 rats
60 creatures vanquished.

Notes
Turn   | Place    | Note
-------+----------+-------------------------------------------
     0 | D:1      | MovingMist the Naga Assassin began the quest for the Orb.
     0 | D:1      | Reached XP level 1. HP: 19/19 MP: 1/1
    16 | D:1      | Reached skill level 6 in Stealth
    50 | D:1      | Reached XP level 2. HP: 23/26 MP: 2/2
   161 | D:1      | Reached skill level 1 in Dodging
   256 | D:1      | Reached XP level 3. HP: 15/33 MP: 3/3
   930 | D:2      | Reached skill level 7 in Stealth
   930 | D:2      | Reached XP level 4. HP: 36/40 MP: 4/4
  1563 | D:2      | Noticed Ijyb
  1598 | D:2      | Killed Ijyb
  1598 | D:2      | Reached XP level 5. HP: 25/46 MP: 5/5
  2281 | D:3      | HP: 1/46 [orc wizard/puff of flame (9)]
  2284 | D:3      | Killed from afar by an orc wizard

Skill      XL: |  1  2  3  4 |
---------------+-------------+-----
Stealth        | 6 7 |  7.5
Dodging        | 1 2 |  2.3
Short Blades   | 3 |  3.1
Fighting       | |  2.4
Throwing       | |  1.7

Action                   |  1- 3 |  4- 6 || total
-------------------------+-------+-------++-------
Melee: Dagger            |    94 |   143 ||   237
 Abil: Spit Poison       |       |     1 ||     1
 Stab: Sleeping          |    11 |    10 ||    21
       Distracted        |     2 |       ||     2
  Eat: Chunk             |       |     3 ||     3
Armor: Robe              |    27 |    27 ||    54
Dodge: Dodged            |    42 |    68 ||   110
